 Dungeon Crawl Stone Soup version 0.28.0 (webtiles) character file.

Game seed: 551050677538599727

91059 browni3141 the Severer (level 15, 0/146 HPs)
             Began as a Minotaur Berserker on Feb 16, 2022.
             Was a High Priest of Trog.
             Slain by an orc warrior (13 damage)
             ... led by an orc knight
             ... on level 15 of the Dungeon.
             The game lasted 00:15:41 (22250 turns).

browni3141 the Severer (Minotaur Berserker)        Turns: 22250, Time: 00:15:41

Health: 0/146      AC: 24    Str: 31    XL:     15   Next: 54%
Magic:  14/14      EV: 10    Int:  1    God:    Trog [*****.]
Gold:   1488       SH: 15    Dex: 11    Spells: 14/14 levels left

rFire   x . .      SeeInvis .   a - +7 broad axe (flame)
rCold   + + .      Faith    .   O - +2 kite shield
rNeg    . . .      Spirit   .   P - +6 scale mail of Inevitability {Str+7}
rPois   +          Reflect  .   (helmet restricted)
rElec   .          Harm     .   h - +2 cloak
rCorr   +          Rampage  .   X - +2 pair of gloves
Will    +++..                   (no boots)
Stlth   +.........              u - amulet of Ywidd {Acrobat rPois rF- Int-3 Slay+4}
HPRegen 1.34/turn               T - +4 ring of slaying
MPRegen 0.14/turn               M - ring of Licrepha {rC++ rCorr Str-4 Slay+4 Stlth+}

@: strong-willed, on berserk cooldown, regenerating, slowed, studying Polearms,
very slow
A: horns 2, retaliatory headbutt
a: Renounce Religion, Berserk, Trog's Hand, Brothers in Arms


You were on level 15 of the Dungeon.
You worshipped Trog.
Trog was extremely pleased with you.
You visited 2 branches of the dungeon, and saw 21 of its levels.

You collected 1940 gold pieces.
You spent 452 gold pieces at shops.

Inventory:

Hand Weapons
 a - a +7 broad axe of flaming (weapon)
Armour
 h - a +2 cloak (worn)
 O - a +2 kite shield (worn)
 P - the +6 scale mail of Inevitability (worn) {Str+7}
   (You took it off a gnoll sergeant on level 8 of the Dungeon)

   Str:       It affects your strength (+7).
 X - a +2 pair of gloves (worn)
Jewellery
 c - a +6 ring of strength
 n - a ring of protection from fire
 q - an amulet of the acrobat
 r - a ring of resist corrosion
 u - the amulet of Ywidd (around neck) {Acrobat rPois rF- Int-3 Slay+4}
   (You found it on level 4 of the Dungeon)

   [amulet of the acrobat]

   It increases your evasion while moving and waiting.
   Int:       It affects your intelligence (-3).
   Slay:      It affects your accuracy & damage with ranged weapons and melee
   (+4).
   rF:        It makes you vulnerable to fire.
   rPois:     It protects you from poison.
 y - an amulet of regeneration
 G - an amulet of magic regeneration
 H - a ring of positive energy
 I - an amulet of guardian spirit
 M - the ring of Licrepha (right hand) {rC++ rCorr Str-4 Slay+4 Stlth+}
   (You took it off a gnoll on level 8 of the Dungeon)

   [ring of slaying]

   Str:       It affects your strength (-4).
   Slay:      It affects your accuracy & damage with ranged weapons and melee
   (+4).
   rC:        It greatly protects you from cold.
   rCorr:     It protects you from acid and corrosion.
   Stlth:     It makes you more stealthy.
 Q - a ring of see invisible
 T - a +4 ring of slaying (left hand)
Wands
 v - a wand of flame (12)
 x - a wand of paralysis (10)
 z - a wand of polymorph (3)
 B - a wand of mindburst (19)
 E - a wand of charming (22)
 N - a wand of iceblast (12)
 Z - a wand of acid (9)
Scrolls
 d - 2 scrolls of vulnerability
 e - 4 scrolls of fog
 f - 5 scrolls of blinking
 g - 3 scrolls of torment
 i - a scroll of silence
 j - 4 scrolls of magic mapping
 k - 4 scrolls of enchant armour
 l - 2 scrolls of amnesia
 o - 13 scrolls of teleportation
 p - a scroll of holy word
 s - 7 scrolls of fear
 J - 3 scrolls of noise
 K - a scroll of enchant weapon
 R - 4 scrolls of immolation
Potions
 b - a potion of haste
 m - 6 potions of curing
 t - 3 potions of degeneration
 w - 5 potions of heal wounds
 A - 5 potions of lignification
 C - 4 potions of ambrosia
 D - a potion of attraction
 F - 3 potions of flight
 L - 3 potions of might
 S - 3 potions of magic
 V - 3 potions of brilliance {unknown}
 W - 2 potions of mutation {unknown}
 Y - a potion of resistance {unknown}


   Skills:
 + Level 16.9 Fighting
 + Level 17.0 Axes
 + Level 16.7 Armour
 - Level 2.1 Dodging
 + Level 16.4 Shields
 * Level 3.8 Evocations


You had 14 spell levels left.
You didn't know any spells.
Your spell library was empty.

Dungeon Overview and Level Annotations

Branches:
Dungeon (15/15)            Temple (0/1) D:7            Lair (6/6) D:9
  Swamp (0/4) Lair:2       Spider (0/4) Lair:4        Slime (0/5) Lair:5
    Orc (0/2) D:9          Vaults (0/5) D:13
 Depths: D:15

Altars:
Ashenzari
Elyvilon
Kikubaaqudgha
Nemelex Xobeh
Okawaru
Qazlal
Ru
Vehumet
Zin
The Shining One
Jiyva

Shops:
D:4 =   D:8 (   D:11 ?*   D:15 ?


Innate Abilities, Weirdness & Mutations

You have a pair of horns on your head.
You reflexively headbutt those who attack you in melee.


Message History

You barely miss the orc knight. You headbutt the orc knight.
The orc knight is severely wounded.
You barely miss the purple ugly thing. You slash the red ugly thing!
You burn the red ugly thing.
The red ugly thing tail-slaps you but does no damage.
The purple ugly thing barely misses you.
You block the orc warrior's attack.
The orc knight hits you with a +0 battleaxe.
You block the red ugly thing's attack.
You closely miss the orc knight. You headbutt the orc knight!
The orc knight is almost dead.
You hit the red ugly thing. You slash the purple ugly thing!
You burn the purple ugly thing.
You block the purple ugly thing's attack.
The orc warrior hits you from afar with a +1 trident of flaming!
The orc warrior burns you. The orc knight closely misses you.
The red ugly thing closely misses you.
You slice the orc knight!! You burn the orc knight.
You kill the orc knight!
Trog accepts your kill.
You slice the red ugly thing!! You burn the red ugly thing.
You slice the purple ugly thing!! You burn the purple ugly thing.
You kill the purple ugly thing!
Trog accepts your kill.
The orc warrior hits you from afar with a +1 trident of flaming!
* * * LOW HITPOINT WARNING * * *
The orc warrior burns you.
* * * LOW HITPOINT WARNING * * *
The red ugly thing closely misses you.
You are too injured to fight recklessly!
You are too injured to fight recklessly!
Unknown command.
Your skin crawls.
You feel strong-willed.
You feel your willpower return. You block the orc warrior's attack.
The red ugly thing tail-slaps you but does no damage.
The boulder beetle bites you!!
* * * LOW HITPOINT WARNING * * *
The orc warrior hits you from afar with a +1 trident of flaming!
You die...

. .. ############# ...
#............ ....
#............
.....#######............
#...))................
#...B@................
+..ou...).............
#.........########....
#.........#......#....
....########......#....
.....#.............#....
.... #.............'....
.... #.....#####+###....
#.....##......#....


You could see a boulder beetle, a red ugly thing and an orc warrior (strong).

Vanquished Creatures
  Gastronok (D:8)
  Kirke (Lair:4)
  Snorg (D:11)
  3 fire dragons
  11 hydras
  An ice dragon (Lair:5)
  4 boulder beetles
  An anaconda (Lair:6)
  7 centaur warriors
  5 two-headed ogres
  4 catoblepae
  The ghost of Warren the Spear-Bearer, a novice HOFi of Ru (D:8)
  2 death knights
  A tengu warrior (D:14)
  Urug (D:11)
  Nergalle (D:11)
  3 skeletal warriors (D:13)
  A swamp dragon (Lair:6)
  The ghost of LobsterGuardian the Geomancer, a novice OpEE of Gozag (D:10)
  A necromancer (Lair:3)
  3 wizards
  A phantasmal warrior (D:15)
  13 ugly things
  An orc knight (D:15)
  3 cyclopes
  3 deep elf pyromancers
  An orc sorcerer (D:10)
  4 black mambas (Lair:6)
  5 manticores
  9 elephants
  2 centaur zombies
  A gargoyle (D:13)
  20 cane toads
  A torpor snail (Lair:4)
  8 rime drakes
  A yaktaur (D:12)
  2 kobold demonologists
  15 komodo dragons
  A freezing wraith (D:15)
  A meliai (shapeshifter) (D:13)
  4 trolls
  11 polar bears
  2 tyrant leeches (Lair:2)
  4 slime creatures
  15 blink frogs
  2 raiju (Lair:6)
  8 basilisks
  2 wraiths
  The ghost of PerfectTommy the Cudgeller, an amateur MiBe of Trog (D:6)
  7 hogs (Lair:4)
  4 steam dragons
  8 wyverns
  34 yaks
  10 vampire mosquitoes
  Edmund (D:4)
  2 swamp worms (Lair:2)
  6 acid dragons
  8 wargs
  16 water moccasins
  13 hell hounds (Lair:6)
  12 black bears
  4 orc warriors
  4 sky beasts
  2 ogres (D:7)
  A necrophage (D:4)
  22 wolves
  3 centaurs (D:14)
  A phantom (D:7)
  4 kobold brigands
  Blork the orc (D:4)
  10 bullfrogs
  4 gnoll sergeants (D:8)
  2 scorpions
  A wyvern skeleton (D:7)
  14 killer bees
  8 wights
  3 electric eels (Lair:4)
  2 hounds
  4 orc priests
  2 centaur skeletons (D:6)
  2 bullfrog skeletons
  A gnoll shaman (D:8)
  A jelly (D:6)
  7 iguanas
  7 orc wizards
  2 polar bear simulacra (Lair:3)
  3 yak simulacra (Lair:3)
  4 wolf simulacra (Lair:3)
  A centaur simulacrum (D:10)
  Robin (D:4)
  A howler monkey zombie (D:7)
  13 gnolls
  A howler monkey skeleton (D:7)
  5 adders
  A shadow imp (D:7)
  A white imp (D:6)
  2 ufetubi
  An adder skeleton (D:4)
  A worm (D:2)
  7 dart slugs
  29 orcs
  6 ball pythons
  7 bats
  8 endoplasms
  A giant cockroach (D:3)
  17 goblins
  4 hobgoblins
  5 jackals (D:4)
  3 quokkas
  4 frilled lizards
  17 kobolds
  4 rats
  2 river rat simulacra (Lair:3)
  A butterfly (Lair:3)
578 creatures vanquished.

Vanquished Creatures (others)
  A basilisk (Lair:6)
  A kobold (D:10)
  36 fungi
  94 plants
  2 withered plants (D:6)
134 creatures vanquished.

Grand Total: 712 creatures vanquished

Notes
Turn   | Place    | Note
-------+----------+-------------------------------------------
     0 | D:1      | browni3141 the Minotaur Berserker began the quest for the
                  | Orb.
     0 | D:1      | Reached XP level 1. HP: 19/19 MP: 0/0
    32 | D:1      | Reached XP level 2. HP: 24/27 MP: 1/1
   286 | D:1      | Reached skill level 4 in Axes
   943 | D:1      | Reached XP level 3. HP: 33/33 MP: 2/2
  1314 | D:2      | Found a faded altar of an unknown god.
  1504 | D:2      | Reached ** piety under Trog
  2130 | D:3      | Reached XP level 4. HP: 35/41 MP: 3/3
  2307 | D:3      | Found a stormy altar of Qazlal.
  2354 | D:3      | Found a glowing silver altar of Zin.
  2477 | D:3      | Found a sacrificial altar of Ru.
  2609 | D:4      | Found Opasuot's Jewellery Shop.
  2613 | D:4      | Noticed Robin
  2628 | D:4      | Killed Robin
  2629 | D:4      | Reached skill level 1 in Shields
  2776 | D:4      | Noticed a necrophage
  2786 | D:4      | Killed a necrophage
  2787 | D:4      | Reached skill level 5 in Fighting
  2787 | D:4      | Reached skill level 5 in Axes
  2787 | D:4      | Reached XP level 5. HP: 25/48 MP: 4/4
  3033 | D:4      | Identified the amulet of Ywidd {Acrobat rPois rF- Int-3
                  | Slay+4}
  3039 | D:4      | Noticed Edmund
  3052 | D:4      | Killed Edmund
  3053 | D:4      | Reached XP level 6. HP: 56/56 MP: 5/5
  3252 | D:4      | Noticed Blork the orc
  3262 | D:4      | Killed Blork the orc
  3667 | D:4      | Reached skill level 5 in Armour
  3851 | D:5      | Entered Level 5 of the Dungeon
  4386 | D:5      | Reached XP level 7. HP: 48/62 MP: 6/6
  4531 | D:5      | Reached *** piety under Trog
  4532 | D:5      | Reached skill level 6 in Axes
  4594 | D:5      | Found a sparkling altar of Nemelex Xobeh.
  4985 | D:6      | Found a radiant altar of Vehumet.
  5039 | D:6      | Found a runed translucent door.
  5039 | D:6      | Noticed PerfectTommy's ghost (amateur MiBe)
  5407 | D:6      | Reached XP level 8. HP: 64/71 MP: 7/7
  5703 | D:6      | Killed PerfectTommy's ghost
  5704 | D:6      | Reached skill level 7 in Axes
  5704 | D:6      | Reached skill level 5 in Shields
  5765 | D:7      | Found an iron altar of Okawaru.
  5994 | D:7      | Found a white marble altar of Elyvilon.
  6087 | D:7      | Reached skill level 8 in Axes
  6293 | D:7      | Found a staircase to the Ecumenical Temple.
  6299 | D:7      | Reached XP level 9. HP: 81/81 MP: 8/8
  6822 | D:8      | Found Rejem's Firing Range.
  6925 | D:8      | Identified the +7 trident of Melo Peg {venom, rPois}
  6925 | D:8      | Identified the +6 scale mail of Inevitability {Str+7}
  6931 | D:8      | Found a transporter.
  6984 | D:8      | Noticed Gastronok
  7001 | D:8      | Killed Gastronok
  7002 | D:8      | Reached skill level 9 in Axes
  7002 | D:8      | Reached XP level 10. HP: 91/91 MP: 9/9
  7006 | D:8      | Identified the +7 hand axe "Yleucob" {vorpal, Int+4}
  7137 | D:8      | Found a transporter.
  7478 | D:8      | Identified the ring of Licrepha {rC++ rCorr Str-4 Slay+4
                  | Stlth+}
  7523 | D:8      | Noticed Warren's ghost (novice HOFi)
  7540 | D:8      | Killed Warren's ghost
  7541 | D:8      | Reached skill level 10 in Fighting
  7541 | D:8      | Reached skill level 10 in Axes
  7893 | D:9      | Found the +7 Throatcutter {drain, coup de grace}
  7914 | D:9      | Reached skill level 10 in Armour
  8374 | D:9      | Found a staircase to the Lair.
  8385 | D:9      | Reached **** piety under Trog
  8851 | D:9      | Reached XP level 11. HP: 101/101 MP: 10/10
  9064 | D:9      | Reached skill level 11 in Axes
  9176 | D:9      | Found a staircase to the Orcish Mines.
  9318 | D:10     | Entered Level 10 of the Dungeon
  9357 | D:10     | Reached skill level 10 in Shields
  9395 | D:10     | Found an ancient bone altar of Kikubaaqudgha.
  9428 | D:10     | Found a broken altar of Ashenzari.
  9432 | D:10     | Noticed a purple ugly thing
  9438 | D:10     | Killed a purple ugly thing
  9562 | D:10     | Found a glowing golden altar of the Shining One.
  9602 | D:10     | Noticed a wizard
  9602 | D:10     | Noticed a centaur warrior
  9602 | D:10     | Noticed a boulder beetle
  9612 | D:10     | Killed a centaur warrior
  9613 | D:10     | Noticed a centaur warrior
  9616 | D:10     | Killed a centaur warrior
  9618 | D:10     | Killed a wizard
  9631 | D:10     | Killed a boulder beetle
  9768 | D:10     | Noticed a deep elf pyromancer
  9769 | D:10     | Noticed an orc sorcerer
  9775 | D:10     | Noticed a sun demon
  9777 | D:10     | Killed an orc sorcerer
  9783 | D:10     | Killed a deep elf pyromancer
  9867 | D:10     | Noticed LobsterGuardian's ghost (novice OpEE)
  9870 | D:10     | Found a runed translucent door.
  9926 | D:10     | Noticed a two-headed ogre
  9932 | D:10     | Killed a two-headed ogre
  9933 | D:10     | Reached skill level 12 in Axes
 10079 | D:10     | Noticed a fire dragon
 10087 | D:10     | Killed a fire dragon
 10311 | D:10     | Noticed a fire dragon
 10322 | D:10     | Killed a fire dragon
 10669 | D:10     | Killed LobsterGuardian's ghost
 10670 | D:10     | Reached XP level 12. HP: 113/113 MP: 11/11
 10738 | D:11     | Found Veiprip's Magic Scroll Emporium.
 10747 | D:11     | Noticed Snorg
 10753 | D:11     | Killed Snorg
 11004 | D:11     | Noticed Nergalle
 11016 | D:11     | Killed Nergalle
 11062 | D:11     | Noticed a two-headed ogre
 11065 | D:11     | Killed a two-headed ogre
 11234 | D:11     | Noticed Urug
 11243 | D:11     | Killed Urug
 11325 | D:11     | Found Hiqeleant's Assorted Antiques.
 11337 | D:11     | Bought a scroll of torment for 142 gold pieces
 11337 | D:11     | Bought a scroll of identify for 38 gold pieces
 11479 | Lair:1   | Entered Level 1 of the Lair of Beasts
 11787 | Lair:1   | Reached skill level 13 in Axes
 12532 | Lair:2   | Noticed an eight-headed hydra
 12542 | Lair:2   | Killed a 12-headed hydra
 12906 | Lair:2   | Found a staircase to the Swamp.
 13095 | Lair:2   | Noticed a seven-headed hydra
 13101 | Lair:2   | Killed a nine-headed hydra
 13102 | Lair:2   | Reached XP level 13. HP: 123/123 MP: 12/12
 13632 | Lair:3   | Reached ***** piety under Trog
 13793 | Lair:3   | Reached skill level 14 in Axes
 15627 | Lair:4   | Noticed Kirke
 15642 | Lair:4   | Killed Kirke
 15782 | Lair:4   | Found a hole to the Spider Nest.
 16304 | Lair:5   | Found a staircase to the Slime Pits.
 16304 | Lair:5   | Found a viscous altar of Jiyva.
 16409 | Lair:5   | Reached skill level 15 in Axes
 16412 | Lair:5   | Reached skill level 15 in Fighting
 17083 | Lair:5   | Reached XP level 14. HP: 126/135 MP: 13/13
 17416 | Lair:5   | Reached skill level 15 in Armour
 17514 | Lair:6   | Entered Level 6 of the Lair of Beasts
 17536 | Lair:6   | Received a gift from Trog
 17996 | Lair:6   | Reached skill level 15 in Shields
 18242 | Lair:6   | Reached skill level 16 in Axes
 19591 | D:12     | Received a gift from Trog
 20350 | D:12     | Reached XP level 15. HP: 145/145 MP: 14/14
 20572 | D:11     | Bought a scroll of identify for 24 gold pieces
 20572 | D:11     | Bought a scroll of identify for 24 gold pieces
 20874 | D:13     | Found a gate to the Vaults.
 21349 | D:14     | Reached skill level 1 in Evocations
 21939 | D:15     | Entered Level 15 of the Dungeon
 21939 | D:15     | Found Luehiena's Magic Scroll Emporium.
 21947 | D:15     | Bought a scroll of identify for 30 gold pieces
 21947 | D:15     | Bought a scroll of identify for 30 gold pieces
 21947 | D:15     | Bought a scroll of blinking for 112 gold pieces
 21949 | D:15     | Bought a scroll of magic mapping for 52 gold pieces
 22243 | D:15     | Reached skill level 17 in Axes
 22250 | D:15     | Slain by an orc warrior

Illustrated notes

Levels and vault maps discovered:
D:1:      roderic_crop_circles_arrival_small, layout_basic,
          grunt_decor_mini_mirrors, minivault_5
D:2:      layout_basic, hellmonk_ecumenical_altar_crossroads
D:3:      layout_rooms, lemuel_round_altar, lemuel_round_altar,
          nicolae_qazlal_scattered_showers
D:4:      layout_gridville, serial_shops, shop, uniq_edmund, uniq_blork_the_orc,
          uniq_robin
D:5:      layout_cave_pods, marbit_many_paths
D:6:      layout_loops_ring, nicolae_vehumet_altar_sigil, gammafunk_ghost_grave
D:7:      layout_rooms, okawaru_trees_2, mainiacjoe_overflow_surrounded_room,
          minmay_temple_entry_arrows
D:8:      layout_loops_ring, gammafunk_ghost_gnarly_gnolls,
          nicolae_shop_firing_range, uniq_gastronok
D:9:      layout_layer_cave, erik_lair_orcish_takeover, hiddenorc1_lemuel
D:10:     layout_irregular_city, amcnicky_altar_gilded,
          nicolae_overflow_crystal_walls, mainiacjoe_overflow_small_starburst,
          hellmonk_ghost_happy_afterlife, minmay_the_grid_2x2
          [minmay_the_grid_tri_star, minmay_the_grid_stretched_grid,
          minmay_the_grid_eight, minmay_the_grid_prize_inner_circle]
D:11:     layout_gridville, serial_shops, shop, nicolae_take_the_stairs,
          kennysheep_nondescript, uniq_nergalle, uniq_urug, uniq_snorg
D:12:     minmay_blocky_corners, layout_loops_cross, drop_trap
D:13:     layout_loops_ring, david_vaults_1
D:14:     layout_roguey, serial_bayou_pond_e
D:15:     gammafunk_depths_entry_grave, layout_gridville, serial_shops, shop
Lair:1:   layout_loops_ring, grunt_megastairs_4, lemuel_fruit_fields,
          serial_bayou_shore_b
Lair:2:   layout_regular_city, minmay_swamp_entry_worms, minivault_19
Lair:3:   layout_cellular_growth, eino_house_with_fridge,
          infiniplex_staircase_pool_2, lemuel_fruit_tree, lemuel_fruit_fields
Lair:4:   layout_gridlike, spider_nest_entry_web_field, serial_bayou_shore_a,
          uniq_kirke
Lair:5:   dragon1_lemuel, layout_big_grid, slime_altar_1, beast_lair_carwin_6,
          lemuel_fruit_fields, lemuel_fruit_fields
Lair:6:   hangedman_lair_caniforms_friends, layout_regular_city,
          guppyfry_lair_end_dragon

Skill      XL: |  1  2  3  4  5  6  7  8  9 10 11 12 13 14 15 |
---------------+----------------------------------------------+-----
Fighting       | 4 5 6 8 9 10 12 13 15 16 | 16.9
Axes           | 4 5 6 8 9 10 12 13 15 16 17 | 17.0
Armour         | 3 4 5 6 7 9 10 12 13 14 16 | 16.7
Shields        | 1 2 3 4 6 8 9 11 13 14 15 16 | 16.4
Evocations     | 3 |  3.8
Dodging        | |  2.1

Action                   |  1- 3 |  4- 6 |  7- 9 | 10-12 | 13-15 || total
-------------------------+-------+-------+-------+-------+-------++-------
Melee: Hand axe          |    76 |   109 |   128 |   279 |   237 ||   829
       Headbutt          |     9 |    10 |    37 |    62 |   121 ||   239
       Punch             |     1 |       |       |       |       ||     1
       War axe           |       |       |    19 |       |       ||    19
       Broad axe         |       |       |       |       |   303 ||   303
Invok: Berserk           |       |     2 |     6 |    15 |    14 ||    37
       Trog's Hand       |       |       |       |     4 |     1 ||     5
Evoke: Wand              |       |       |       |     9 |       ||     9
  Use: Potion            |       |       |       |     2 |       ||     2
       Scroll            |       |       |       |    13 |    13 ||    26
 Stab: Petrified         |       |       |       |       |     4 ||     4
Armor: Animal skin       |    10 |    12 |       |       |       ||    22
       Plate armour      |       |    20 |    64 |     5 |       ||    89
       Chain mail        |       |    20 |       |       |       ||    20
       Skin              |       |       |       |    59 |       ||    59
       Scale mail        |       |       |       |    88 |   273 ||   361
Dodge: Dodged            |    36 |    39 |    54 |   110 |   258 ||   497
Block: Buckler           |       |    19 |    21 |    24 |       ||    64
       Kite shield       |       |       |       |   133 |   430 ||   563
